 Dungeon Crawl Stone Soup version 0.27.1-33-g824d729ab1 (webtiles) character file.

Game seed: 12839865362717403749

141 Theotherone the Chopper (level 5, -4/45 HPs)
             Began as a Minotaur Fighter on Nov 7, 2021.
             Slain by Sigmund (8 damage)
             ... on level 3 of the Dungeon on Dec 9, 2021.
             The game lasted 00:04:55 (2434 turns).

Theotherone the Chopper (Minotaur Fighter)          Turns: 2434, Time: 00:04:56

Health: -4/45      AC:  6    Str: 22    XL:     5   Next: 3%
Magic:  4/4        EV:  7    Int:  5    God:
Gold:   82         SH:  0    Dex:  9    Spells: 4/4 levels left

rFire    . . .     SeeInvis .   a - +0 war axe
rCold    . . .     Faith    .   c - +0 kite shield
rNeg     . . .     Spirit   .   b - +0 scale mail
rPois    .         Reflect  .   (helmet restricted)
rElec    .         Harm     .   (no cloak)
rCorr    .         Rampage  .   (no gloves)
Will     .....                  (no boots)
Stlth    ..........             (no amulet)
HPRegen  0.15/turn              (no ring)
MPRegen  0.09/turn              (no ring)

@: confused, mighty
A: horns 2, retaliatory headbutt
a: no special abilities


You were on level 3 of the Dungeon.
You visited 1 branch of the dungeon, and saw 3 of its levels.

You collected 82 gold pieces.

Inventory:

Hand Weapons
 a - a +0 war axe (weapon)
Armour
 b - a +0 scale mail (worn)
 c - a +0 kite shield (worn)
Jewellery
 j - a ring of protection from cold
Scrolls
 g - a scroll of magic mapping {unknown}
 h - 3 scrolls of identify {unknown}
 k - 2 scrolls of amnesia {unknown}
Potions
 f - 2 potions of lignification {unknown}
 i - 2 potions of cancellation {unknown}


   Skills:
 - Level 3.6 Fighting
 + Level 6.4 Axes
 - Level 3.6 Armour
 - Level 3.6 Shields


You had 4 spell levels left.
You didn't know any spells.
Your spell library was empty.

Dungeon Overview and Level Annotations

Branches:
Dungeon (3/15)

Altars:

Annotations:
D:3 Sigmund


Innate Abilities, Weirdness & Mutations

You have a pair of horns on your head.
You reflexively headbutt those who attack you in melee.


Message History

You feel very mighty all of a sudden.
You hear some strange, mumbled words.
A puff of flame appears from out of thin air!
The puff of flame hits you.
You hear some strange, mumbled words.
A magic dart appears from out of thin air!
The magic dart hits you.
You miss something. Something hits you but does no damage.
You closely miss something. Something hits you!
* * * LOW HITPOINT WARNING * * *
You slash something! You block something's attack.
You barely miss something. Something hits you.
* * * LOW HITPOINT WARNING * * *
It was a potion of heal wounds.
You feel much better. Something hits you!
You closely miss something. Your headbutt misses something. You miss something.
Something hits you.
You closely miss something. Something hits you!
* * * LOW HITPOINT WARNING * * *
You closely miss something.
You hear some strange, mumbled words.
You are confused.
You bump into the rock wall.
Something hits you.
* * * LOW HITPOINT WARNING * * *
You feel much better.
You hear some strange, mumbled words.
You are more confused.
You bump into the rock wall.
Something hits you.
You miss something.
You bump into the rock wall.
Something hits you!
You bump into the rock wall.
Something hits you!
* * * LOW HITPOINT WARNING * * *
You barely miss something. Something hits you.
* * * LOW HITPOINT WARNING * * *
You closely miss something. Something hits you!
You die...

# ## .# .# ######### .##
#........ ... +........
.## ######## #.)......
.######......#####†.......
......+......'..@{........
###.###......#####........
#.###......# #........
#.......#### ####+####
###...#.# #.#.#.# #######


There were no monsters in sight!

Vanquished Creatures
  A hound (D:2)
  A gnoll (D:2)
  4 adders (D:2)
  2 dart slugs (D:2)
  An orc (D:3)
  8 endoplasms
  A giant cockroach (D:1)
  3 goblins
  4 hobgoblins
  6 jackals
  2 quokkas
  5 ball pythons
  9 bats
  7 kobolds
  5 rats (D:2)
59 creatures vanquished.

Vanquished Creatures (others)
  14 plants (D:2)
14 creatures vanquished.

Grand Total: 73 creatures vanquished

Notes
Turn   | Place    | Note
-------+----------+-------------------------------------------
     0 | D:1      | Theotherone the Minotaur Fighter began the quest for the
                  | Orb.
     0 | D:1      | Reached XP level 1. HP: 19/19 MP: 0/0
    86 | D:1      | Reached skill level 3 in Axes
    92 | D:1      | Reached XP level 2. HP: 20/26 MP: 1/1
   404 | D:1      | Found a faded altar of an unknown god.
   439 | D:1      | Reached skill level 4 in Axes
   804 | D:2      | Reached XP level 3. HP: 13/31 MP: 2/2
  1449 | D:2      | Reached skill level 5 in Axes
  1641 | D:2      | Reached XP level 4. HP: 39/39 MP: 3/3
  1766 | D:2      | Reached skill level 6 in Axes
  2062 | D:2      | Upgraded the game from 0.27.1-4-g1640c2035a to
                  | 0.27.1-33-g824d729ab1
  2349 | D:3      | Reached XP level 5. HP: 42/45 MP: 4/4
  2407 | D:3      | Noticed Sigmund
  2434 | D:3      | Slain by Sigmund

Illustrated notes

Levels and vault maps discovered:
D:1:      dpeg_arrival_signposts, layout_basic,
          hellmonk_ecumenical_altar_arch_garden, serial_curves, eino_curves_03,
          eino_curves_01
D:2:      minmay_razor_zed, layout_loops_cross, serial_forest,
          infiniplex_forest_join, infiniplex_forest_lined_corner,
          infiniplex_forest_lined_2, infiniplex_forest_clump_diagonal,
          infiniplex_forest_corner_1, infiniplex_forest_clump_long,
          infiniplex_forest_clump_tiny, infiniplex_forest_clump_long
D:3:      layout_basic, minitemple, mainiacjoe_overflow_alcove_2,
          kennysheep_cluttered_room, uniq_sigmund

Skill      XL: |  1  2  3  4 |
---------------+-------------+-----
Axes           | 3 4 5 6 |  6.4
Fighting       | |  3.6
Armour         | |  3.6
Shields        | |  3.6

Action                   |  1- 3 |  4- 6 || total
-------------------------+-------+-------++-------
Melee: War axe           |    73 |    53 ||   126
       Headbutt          |     8 |     8 ||    16
  Use: Potion            |       |     3 ||     3
Armor: Scale mail        |    36 |    12 ||    48
Dodge: Dodged            |    27 |    15 ||    42
Block: Kite shield       |    37 |    20 ||    57
